AoeStats
← SääMyy

Black Forest

506400038Analyzed
1v1 RM · 19d ago on Sep 13, 2026· 38m 45s· 2 players
Game mode
Random Map
Map size
Tiny (2 player)
Population
200
Speed
Normal
Resources
Standard
Victory
Conquest
Starting age
Dark Age
Ending age
Imperial Age
RankedLock teamsTeams togetherTeam positionsShared explorationLock speedFull tech treeHidden civsTurbo modeCheats
Victory
Defeat
🇩🇪 Romans · Germany
1016
+15
🇵🇰 Mongols · Pakistan
985
-15
BuggY
1:18 Loom
19:20 Feudal Age
20:06 Double-Bit Axe
20:21 Man-at-Arms
20:47 Arson
30:09 Gold Mining
35:51 Castle Age
34:27 Padded Archer Armor
34:17 Fletching
36:40 Crossbowman
39:06 Thumb Ring
SääMyy
1:43 Loom
18:23 Feudal Age
18:27 Man-at-Arms
19:15 Double-Bit Axe
20:31 Horse Collar
21:34 Scale Mail Armor
23:41 Wheelbarrow
23:16 Gold Mining
24:22 Forging
30:18 Castle Age
29:59 Stone Mining
30:11 Fletching
31:06 Long Swordsman
32:03 Chain Mail Armor
32:24 Iron Casting
32:40 Gold Shaft Mining
32:06 Heavy Plow
32:18 Bow Saw
32:27 Squires
34:00 Hand Cart
35:36 Bodkin Arrow
41:25 Imperial Age
Connection lost

Rejoining the realm…

Still unreachable

The connection could not be restored.

Session expired

The server has moved on; the page needs a fresh start.